 Dungeon Crawl Stone Soup version 0.17.0-24-gcfadda4 (webtiles) character file.

245 Ijustatesigmund the Conjurer (level 5, -1/37 HPs)
             Began as a Demonspawn Conjurer on Nov 16, 2015.
             Was an Initiate of Okawaru.
             Slain by a sky beast (5 damage)
             ... on level 5 of the Dungeon.
             The game lasted 00:16:13 (4306 turns).

Ijustatesigmund the Conjurer (Demonspawn Conjurer)  Turns: 4306, Time: 00:16:13

Health: -1/37      AC:  3    Str:  9    XL:     5   Next: 83%
Magic:  6/8        EV: 14    Int: 19    God:    Okawaru [......]
Gold:   179        SH:  0    Dex: 13    Spells: 3 memorised, 2 levels left

rFire  . . .     SeeInvis .     o - +2 short sword (vamp)
rCold  . . .     Clarity  .     a - +0 robe
rNeg   . . .     SustAt   .     (no shield)
rPois  .         Gourm    .     (helmet restricted)
rElec  .         Spirit   .     (no cloak)
rCorr  .         Warding  .     f - +0 pair of gloves
rMut   .         Stasis   .     (no boots)
MR     .....                    (no amulet)
Stlth  ++........               q - +2 ring of intelligence
                                k - ring of wizardry

@: about to teleport, not resistant to hostile enchantments, unstealthy
A: horns 1, repulsion field 1
a: Renounce Religion


You were on level 5 of the Dungeon.
You worshipped Okawaru.
Okawaru was noncommittal.
You were not hungry.

You visited 1 branch of the dungeon, and saw 5 of its levels.

You collected 179 gold pieces.

Inventory:

Hand Weapons
 d - a +0 mace
 h - a +1 dagger of protection
 o - a +2 vampiric short sword (weapon)
Missiles
 j - 7 tomahawks (quivered)
 l - 13 poisoned needles
Armour
 a - a +0 robe (worn)
 f - a +0 pair of gloves (worn)
Jewellery
 k - a ring of wizardry (left hand)
 n - an uncursed ring of positive energy
 q - a +2 ring of intelligence (right hand)
Scrolls
 g - a scroll of amnesia
 m - 2 scrolls of remove curse
 p - a scroll of fog
Potions
 e - 2 potions of might
 i - a potion of cure mutation {unknown}
 r - a potion of heal wounds {unknown}
 u - a potion of curing {unknown}
Books
 b - a book of Conjurations

   Spells                             Type                      Level
   a - Magic Dart                     Conjuration                  1
   b - Searing Ray                    Conjuration                  2
   c - Dazzling Spray                 Conjuration/Hexes            3
   d - Fulminant Prism                Conjuration/Hexes            4
   e - Iskenderun's Mystic Blast      Conjuration                  4
   f - Iskenderun's Battlesphere      Conjuration/Charms           5
Comestibles
 c - a bread ration
 v - a beef jerky


   Skills:
 - Level 1.0 Fighting
 + Level 2.0 Short Blades
 - Level 1.7 Dodging
 - Level 2.1 Stealth
 - Level 2.4 Spellcasting
 + Level 5.2 Conjurations
 + Level 2.6 Hexes
 + Level 1.5 Invocations


You had 2 spell levels left.
You knew the following spells:

 Your Spells              Type           Power        Failure   Level  Hunger
a - Magic Dart            Conj           ###.         1%          1    #......
b - Searing Ray           Conj           ###...       1%          2    ##.....
c - Dazzling Spray        Conj/Hex       ###.....     4%          3    ###....


Dungeon Overview and Level Annotations

Branches:
Dungeon (5/15)
 Temple: D:4-7

Altars:
Okawaru
Yredelemnul

Annotations:
D:4 M4edhros's ghost, amateur OpAr


Innate Abilities, Weirdness & Mutations

You have a pair of small horns on your head.
You are surrounded by a mild repulsion field (EV +2).


Message History

* * * LOW HITPOINT WARNING * * *
You hit the sky beast.
You feel better.
The sky beast is lightly wounded.
The jackal barely misses you.
The jackal bites you but does no damage.
The sky beast closely misses you.
You hit the jackal but do no damage.
The jackal is severely wounded.
The jackal misses you. The sky beast misses you.
You hit the jackal.
You feel better.
You kill the jackal!
Okawaru accepts your kill. The sky beast hits you. The sky beast shocks you.
* * * LOW HITPOINT WARNING * * *
Read which item? (? for menu, Esc to quit)
As you read the scroll of teleportation, it crumbles to dust.
You feel strangely unstable. The sky beast hits you.
* * * LOW HITPOINT WARNING * * *
The sky beast shocks you.
You die...

#?#.#
#...# #
#...+
#.#...#
###.#...#
#......$#
#.....#.#
#..?...<#
....#.#@#
. # #Y#
..# ....
#.### #.
#. #


You could see a sky beast.

Vanquished Creatures
  A crimson imp (D:4)
  A worker ant (D:3)
  7 gnolls
  3 adders
  2 worms
  5 giant geckos
  5 orcs
  5 giant cockroaches
  4 hobgoblins
  9 jackals
  8 kobolds
  3 quokkas
  A ball python (D:2)
  3 bats
  5 giant newts
  9 goblins
  10 rats
81 creatures vanquished.

Notes
Turn   | Place    | Note
--------------------------------------------------------------
     0 | D:1      | Ijustatesigmund the Demonspawn Conjurer began the quest for the Orb.
     0 | D:1      | Reached XP level 1. HP: 13/13 MP: 3/3
   526 | D:1      | Gained mutation: You are surrounded by a mild repulsion field (EV +2). [demonic ancestry]
   526 | D:1      | Reached XP level 2. HP: 19/19 MP: 0/5
   993 | D:2      | Learned a level 2 spell: Searing Ray
  1091 | D:2      | Found a basalt altar of Yredelemnul.
  1127 | D:2      | Reached skill level 1 in Fighting
  1286 | D:2      | Gained mutation: You have a pair of small horns on your head. [demonic ancestry]
  1286 | D:2      | Reached XP level 3. HP: 26/26 MP: 0/6
  1349 | D:2      | Learned a level 3 spell: Dazzling Spray
  2406 | D:2      | Reached skill level 1 in Hexes
  2554 | D:2      | Reached XP level 4. HP: 29/32 MP: 7/7
  3049 | D:3      | Reached skill level 1 in Short Blades
  3645 | D:3      | Reached XP level 5. HP: 27/37 MP: 1/8
  3660 | D:3      | Reached skill level 5 in Conjurations
  3744 | D:3      | Found an iron altar of Okawaru.
  3822 | D:3      | Became a worshipper of Warmaster Okawaru
  3855 | D:4      | Reached skill level 1 in Invocations
  3889 | D:4      | Noticed M4edhros's ghost (amateur OpAr)
  4300 | D:5      | Entered Level 5 of the Dungeon
  4300 | D:5      | Noticed a sky beast
  4306 | D:5      | Slain by a sky beast

Action                   |  1- 3 |  4- 6 || total
-------------------------+-------+-------++-------
Melee: Mace              |    20 |       ||    20
       Short sword       |    41 |    75 ||   116
 Cast: Magic Dart        |    68 |    42 ||   110
       Searing Ray       |     2 |     3 ||     5
  Use: Scroll            |     8 |     3 ||    11
 Stab: Sleeping          |     3 |     3 ||     6
  Eat: Chunk             |     5 |     5 ||    10
       Bread ration      |     1 |       ||     1
       Beef jerky        |     1 |       ||     1
